 Dungeon Crawl Stone Soup version 0.16.2-2-g470672f (webtiles) character file.

33 Freud the Magician (level 3, -1/24 HPs)
             Began as an Octopode Wanderer on Aug 16, 2015.
             Slain by an adder (3 damage)
             ... on level 2 of the Dungeon.
             The game lasted 00:17:08 (957 turns).

Freud the Magician (Octopode Wanderer)               Turns: 957, Time: 00:17:08

Health: -1/24      AC:  1    Str: 13    XL:     3   Next: 29%
Magic:  1/9        EV: 11    Int: 15    God:
Gold:   56         SH:  0    Dex:  9    Spells: 4 memorised, 4 levels left

rFire  . . .     SeeInvis .     h - -3 short sword (curse)
rCold  . . .     Clarity  .     (no shield)
rNeg   . . .     SustAb   .     (helmet restricted)
rPois  .         Gourm    .     (no amulet)
rElec  .         Spirit   .     (no ring)
rCorr  .         Warding  .     (no ring)
rMut   .         Stasis   .     (no ring)
MR     .....                    (no ring)
Stlth  +++.......               (no ring)
                                (no ring)
                                (no ring)
                                (no ring)

@: lethally poisoned (-1 -> -4), very slightly contaminated, not resistant to
hostile enchantments, fairly stealthy
A: almost no armour, amphibious, 8 rings, constrict 8, camouflage 1, gelatinous
body 1
a: no special abilities


You were on level 2 of the Dungeon.
You were not hungry.

You visited 1 branch of the dungeon, and saw 2 of its levels.

You collected 56 gold pieces.

Inventory:

Hand weapons
 c - a +0 mace
 d - a +0 whip
 h - a cursed -3 short sword (weapon)
Missiles
 i - 5 poisoned needles
 j - 21 stones (quivered)
Scrolls
 e - a scroll of amnesia {unknown}
 g - 2 scrolls of remove curse {unknown}
Books
 a - a book of Minor Magic

   Spells                             Type                      Level
   a - Magic Dart                     Conjuration                  1
   b - Blink                          Translocation                2
   c - Call Imp                       Summoning                    2
   d - Repel Missiles                 Charms/Air                   2
   e - Slow                           Hexes                        2
   f - Conjure Flame                  Conjuration/Fire             3
   g - Mephitic Cloud                 Conjuration/Poison/Air       3
 b - Cigotuvi's Compendium of Changing

   Spells                             Type                      Level
   a - Beastly Appendage              Transmutation                1
   b - Stoneskin                      Transmutation/Earth          2
Comestibles
 f - a bread ration


   Skills:
 - Level 2.0 Fighting
 - Level 1.0 Maces & Flails
 + Level 2.9 Stealth
 - Level 4.0 Spellcasting
 * Level 2.1 Conjurations
   Level 1.0 Summonings
 + Level 0.0 Translocations
   Level 1.1 Evocations


You had 4 spell levels left.
You knew the following spells:

 Your Spells              Type           Power        Failure   Level  Hunger
a - Magic Dart            Conj           #...         10%         1    None
b - Beastly Appendage     Trmt           #.....       17%         1    None
c - Repel Missiles        Chrm/Air       #.....       28%         2    ##.....
d - Blink                 Tloc           N/A          28%         2    ##.....


Dungeon Overview and Level Annotations

Branches:
Dungeon (2/15)

Altars:


Innate Abilities, Weirdness & Mutations

You cannot wear most types of armour.
You are amphibious.
You can wear up to eight rings at the same time.
You can use your tentacles to constrict many enemies at once.
Your skin changes colour to match your surroundings (Stealth).
Your rubbery body absorbs attacks (AC +1).


Message History

You kill the hobgoblin!
Casting: Magic Dart
Confirm with . or Enter, or press ? or * to list all spells.
Aiming: Magic Dart
Press: ? - help, Shift-Dir - straight line, f - adder
Aim: an adder The magic dart hits the adder.
The adder is moderately wounded.
You miss the adder. You grab the adder.
The adder is lightly wounded.
You constrict the adder. The adder bites you.
* * * LOW HITPOINT WARNING * * *
You are poisoned.
The adder poisons you!
You hit the adder but do no damage.
The adder is moderately wounded.
You constrict the adder.
You feel sick. The adder bites you.
* * * LOW HITPOINT WARNING * * *
The adder bites you.
You die...

# ####.......#..
...........###..
.# #...........
..#.#...........
##.# #..<.........
#..# ##..###......
#.. ..............
#.#####........#..
#@# #........#..
#S#####).......#..
#(............#...
####..........#...
##...$..........
#......#....
#......#....
#...........
###........S


You could see an adder.

Vanquished Creatures
  An adder (D:2)
  A giant mite (D:1)
  A giant gecko (D:1)
  2 bats
  3 hobgoblins
  2 kobolds
  3 goblins (D:1)
  5 rats
18 creatures vanquished.

Notes
Turn   | Place    | Note
--------------------------------------------------------------
     0 | D:1      | Freud, the Octopode Wanderer, began the quest for the Orb.
     0 | D:1      | Freud set off with: a book of Minor Magic, Cigotuvi's Compendium of Changing, a +0 mace, a bread ration
     0 | D:1      | Reached XP level 1. HP: 14/14 MP: 5/5
     0 | D:1      | Identified Cigotuvi's Compendium of Changing
     2 | D:1      | Learned a level 1 spell: Beastly Appendage
     4 | D:1      | Learned a level 1 spell: Magic Dart
    38 | D:1      | Reached skill level 1 in Conjurations
    38 | D:1      | Reached XP level 2. HP: 17/19 MP: 5/7
   625 | D:1      | Learned a level 2 spell: Repel Missiles
   628 | D:1      | Learned a level 2 spell: Blink
   742 | D:2      | Reached XP level 3. HP: 7/24 MP: 3/9
   762 | D:2      | HP: 1/24 [poisoned by an adder]
   957 | D:2      | Slain by an adder

Action                   || total
-------------------------++-------
Melee: Whip              ||    16
       Short sword       ||     6
 Cast: Magic Dart        ||    30
  Use: Potion            ||     2
 Stab: Sleeping          ||     4
